[ PARTIDA AOE2 · #457966512 ]
Team RMKitán vs Franks
[ ANÁLISIS DE REPETICIÓN · EXTRAÍDO DE LA PARTIDA GRABADA ]
Feudal
17:23
Castillos
24:47
Imperial
45:54
| APM promedio | 16.1 |
| APM pico | 73 |
| eAPM promedio | 8.1 |
| Aldeanos / militares | 112 / 58 |
Foco
⚔️ 14.7% · 🌾 85.3%
Fire Lancer ×55 · Unknown (1920) ×20 · Iron Pagoda ×3
Feudal
21:27
Castillos
—
Imperial
—
| APM promedio | 5.0 |
| APM pico | 38 |
| eAPM promedio | 3.3 |
| Aldeanos / militares | 22 / 0 |
Foco
⚔️ 17.1% · 🌾 82.9%
Feudal
14:48
Castillos
27:48
Imperial
—
| APM promedio | 15.2 |
| APM pico | 44 |
| eAPM promedio | 10.2 |
| Aldeanos / militares | 80 / 94 |
Foco
⚔️ 29.2% · 🌾 70.8%
Jaguar Warrior ×66 · Militia ×20 · Battering Ram ×8
Feudal
—
Castillos
—
Imperial
—
| APM promedio | 8.7 |
| APM pico | 148 |
| eAPM promedio | 8.2 |
| Aldeanos / militares | 27 / 0 |
Foco
⚔️ 1.7% · 🌾 98.3%
Feudal
10:37
Castillos
20:26
Imperial
36:11
| APM promedio | 15.1 |
| APM pico | 73 |
| eAPM promedio | 11.0 |
| Aldeanos / militares | 119 / 85 |
Foco
⚔️ 16.0% · 🌾 84.0%
Ballista Elephant ×81 · Trade Cart ×10 · Fishing Ship ×3 · Demolition Raft ×2 · Monk ×2
Feudal
—
Castillos
—
Imperial
—
| APM promedio | 1.2 |
| APM pico | 22 |
| eAPM promedio | 0.8 |
| Aldeanos / militares | 21 / 0 |
Foco
⚔️ 0.0% · 🌾 100.0%
Feudal
12:07
Castillos
21:50
Imperial
—
| APM promedio | 12.0 |
| APM pico | 45 |
| eAPM promedio | 8.7 |
| Aldeanos / militares | 69 / 107 |
Foco
⚔️ 39.1% · 🌾 60.9%
Teutonic Knight ×59 · Archer ×28 · Spearman ×14 · Monk ×4 · Battering Ram ×2
Feudal
11:46
Castillos
16:50
Imperial
33:16
| APM promedio | 23.0 |
| APM pico | 62 |
| eAPM promedio | 13.5 |
| Aldeanos / militares | 99 / 108 |
Foco
⚔️ 31.3% · 🌾 68.7%
Hand Cannoneer ×62 · Hussite Wagon ×18 · Mangonel ×11 · Monk ×10 · Trebuchet (Packed) ×7
Mapa de la partida
Recursos al inicio + cada clic de construcción. Línea gruesa = muro · recuadro discontinuo = muro de casas detectado. 🟡 oro · ⚪ piedra · 🟢 bayas · 🔶 jabalí · ⭕ reliquia
Tu base· ✓ Cerrada en 24:47 · 31t muro
Base de 32066588· ✓ Cerrada en 12:00 · 21t muro
Base de Dinosaur· ✓ Cerrada en 27:48 · 51t muro
Base de LilCloneTrooper· Abierta — flanco sin cerrar
Base de Necromancer· ✓ Cerrada en 20:26 · 0t muro
Base de Leopold Fitz
Base de 3411643165· Abierta — flanco sin cerrar
Base de xxbysnipxx· ✓ Cerrada en 16:50 · 0t muro
Terreno con relieve · ⚠ = hueco de muro detectado · pasá el cursor para detalles
Inputs por minuto
— Axalon the Everchosen - - 32066588
Build order — Axalon the Everchosen
Primeras 150 de 168 acciones detectadas
| 0:03 | Investigar | Loom |
| 0:05 | Crear | Villager (Male) ×4 |
| 0:26 | Construir | Palisade Wall |
| 1:39 | Construir | Palisade Wall |
| 1:45 | Construir | Palisade Wall |
| 4:09 | Construir | Palisade Wall |
| 4:17 | Construir | House |
| 4:18 | Construir | House |
| 4:20 | Construir | House |
| 4:21 | Construir | House |
| 5:25 | Construir | Palisade Wall |
| 5:38 | Crear | Villager (Male) |
| 6:53 | Crear | Villager (Male) |
| 6:53 | Crear | Villager (Male) |
| 7:25 | Crear | Villager (Male) |
| 8:25 | Crear | Villager (Male) ×2 |
| 8:58 | Crear | Villager (Male) |
| 9:31 | Crear | Villager (Male) |
| 9:49 | Construir | Mill |
| 10:02 | Crear | Villager (Male) |
| 12:30 | Crear | Villager (Male) ×5 |
| 12:41 | Construir | Lumber Camp |
| 14:42 | Construir | Mining Camp |
| 15:13 | Investigar | Feudal Age |
| 17:23 | Edad | Edad Feudal |
| 17:34 | Construir | Market |
| 17:37 | Construir | Blacksmith |
| 18:26 | Crear | Villager (Male) |
| 19:21 | Construir | Mill |
| 22:07 | Investigar | Castle Age |
| 22:29 | Investigar | Double-Bit Axe |
| 23:01 | Investigar | Tech 1014 |
| 23:09 | Construir | Pasture |
| 23:10 | Construir | Pasture |
| 23:11 | Construir | Pasture |
| 23:15 | Construir | Pasture |
| 23:16 | Construir | Pasture |
| 23:23 | Crear | Villager (Male) ×2 |
| 24:47 | Edad | Edad de los Castillos |
| 24:52 | Construir | Town Center |
| 25:47 | Crear | Villager (Male) ×5 |
| 27:10 | Crear | Villager (Male) ×5 |
| 27:21 | Construir | Pasture |
| 28:00 | Construir | Siege Workshop |
| 28:01 | Construir | Barracks |
| 28:08 | Construir | House |
| 28:10 | Construir | House |
| 28:11 | Construir | House |
| 28:20 | Crear | Villager (Male) ×5 |
| 29:18 | Construir | Mining Camp |
| 29:30 | Construir | Town Center |
| 29:38 | Investigar | Wheelbarrow |
| 29:42 | Crear | Villager (Male) ×5 |
| 29:47 | Construir | Pasture |
| 30:58 | Crear | Villager (Male) ×5 |
| 31:04 | Crear | Villager (Male) ×5 |
| 31:12 | Crear | Villager (Male) ×4 |
| 31:21 | Construir | Pasture |
| 31:42 | Construir | Barracks |
| 31:46 | Construir | Siege Workshop |
| 31:55 | Crear | Iron Pagoda ×3 |
| 32:05 | Crear | Villager (Male) |
| 32:05 | Crear | Villager (Male) |
| 32:07 | Crear | Villager (Male) |
| 32:18 | Crear | Villager (Male) |
| 32:19 | Crear | Villager (Male) |
| 32:25 | Construir | Pasture |
| 32:33 | Construir | House |
| 32:34 | Construir | House |
| 32:35 | Construir | House |
| 32:36 | Construir | House |
| 33:05 | Crear | Villager (Male) ×5 |
| 33:11 | Crear | Villager (Male) ×4 |
| 33:39 | Crear | Fire Lancer ×5 |
| 34:35 | Crear | Villager (Male) ×5 |
| 34:39 | Crear | Villager (Male) ×5 |
| 34:42 | Crear | Villager (Male) ×2 |
| 34:48 | Construir | House |
| 34:48 | Construir | House |
| 34:49 | Construir | House |
| 34:50 | Construir | House |
| 34:51 | Construir | House |
| 34:51 | Construir | House |
| 34:52 | Construir | House |
| 34:53 | Construir | House |
| 35:07 | Construir | Pasture |
| 35:48 | Investigar | Forging |
| 35:59 | Construir | Pasture |
| 36:50 | Construir | Pasture |
| 36:59 | Crear | Villager (Male) |
| 36:59 | Crear | Villager (Male) |
| 37:03 | Crear | Villager (Male) |
| 37:03 | Crear | Villager (Male) |
| 37:22 | Crear | Villager (Male) |
| 37:22 | Crear | Villager (Male) |
| 37:47 | Construir | Pasture |
| 38:18 | Construir | Barracks |
| 38:19 | Construir | Barracks |
| 38:20 | Construir | Barracks |
| 38:32 | Investigar | Hand Cart |
| 38:52 | Crear | Villager (Male) ×5 |
| 38:59 | Construir | Castle |
| 39:07 | Investigar | Squires |
| 39:36 | Crear | Villager (Male) ×5 |
| 39:39 | Crear | Villager (Male) ×5 |
| 39:42 | Crear | Villager (Male) ×5 |
| 39:47 | Construir | Pasture |
| 40:56 | Construir | Pasture |
| 40:59 | Construir | Pasture |
| 41:58 | Construir | House |
| 41:59 | Construir | House |
| 41:59 | Construir | House |
| 42:00 | Construir | House |
| 42:01 | Construir | House |
| 42:02 | Construir | House |
| 42:08 | Investigar | Town Watch |
| 42:44 | Investigar | Imperial Age |
| 42:49 | Construir | Pasture |
| 43:01 | Construir | Castle |
| 43:11 | Construir | Mining Camp |
| 43:19 | Construir | House |
| 43:20 | Construir | House |
| 43:20 | Construir | House |
| 43:21 | Construir | House |
| 43:22 | Construir | House |
| 43:24 | Construir | House |
| 43:24 | Construir | House |
| 43:26 | Construir | House |
| 43:27 | Construir | House |
| 43:28 | Construir | House |
| 43:30 | Construir | House |
| 43:31 | Construir | House |
| 43:43 | Construir | Pasture |
| 43:53 | Investigar | Bow Saw |
| 43:56 | Investigar | Tech 1013 |
| 43:59 | Investigar | Stone Mining |
| 43:59 | Investigar | Gold Mining |
| 44:23 | Crear | Fire Lancer ×5 |
| 44:23 | Crear | Fire Lancer ×5 |
| 44:24 | Crear | Fire Lancer ×5 |
| 44:24 | Crear | Fire Lancer ×5 |
| 44:24 | Crear | Fire Lancer ×5 |
| 44:24 | Crear | Fire Lancer ×5 |
| 44:24 | Crear | Fire Lancer ×5 |
| 44:25 | Crear | Fire Lancer ×5 |
| 44:25 | Crear | Fire Lancer ×5 |
| 44:25 | Crear | Fire Lancer ×5 |
| 44:40 | Construir | Mining Camp |
| 44:58 | Investigar | Stone Shaft Mining |
| 45:24 | Crear | Villager (Male) ×5 |
Build order — 32066588
35 acciones detectadas en el replay
| 0:06 | Investigar | Loom |
| 0:07 | Crear | Villager (Male) |
| 0:08 | Crear | Villager (Male) |
| 0:08 | Crear | Villager (Male) |
| 0:08 | Crear | Villager (Male) |
| 0:09 | Crear | Villager (Male) |
| 1:02 | Construir | House |
| 1:04 | Construir | House |
| 1:06 | Construir | House |
| 5:13 | Construir | Palisade Wall |
| 5:17 | Construir | Palisade Wall |
| 5:21 | Construir | Palisade Wall |
| 5:25 | Construir | Palisade Wall |
| 8:28 | Crear | Villager (Male) |
| 9:15 | Crear | Villager (Male) |
| 10:00 | Crear | Villager (Male) |
| 10:01 | Crear | Villager (Male) |
| 10:10 | Crear | Villager (Male) |
| 10:10 | Crear | Villager (Male) |
| 10:23 | Crear | Villager (Male) |
| 10:57 | Crear | Villager (Male) |
| 10:57 | Crear | Villager (Male) |
| 10:57 | Crear | Villager (Male) |
| 12:51 | Crear | Villager (Male) |
| 12:51 | Crear | Villager (Male) |
| 12:51 | Crear | Villager (Male) |
| 12:52 | Crear | Villager (Male) |
| 13:11 | Crear | Villager (Male) |
| 13:11 | Crear | Villager (Male) |
| 13:11 | Crear | Villager (Male) |
| 13:55 | Construir | Lumber Camp |
| 15:56 | Construir | Mill |
| 19:17 | Investigar | Feudal Age |
| 21:27 | Edad | Edad Feudal |
| 24:32 | Construir | Mill |
Build order — Dinosaur
Primeras 150 de 185 acciones detectadas
| 0:05 | Investigar | Loom |
| 0:05 | Crear | Villager (Male) ×4 |
| 0:09 | Construir | House |
| 0:09 | Construir | House |
| 0:40 | Construir | Palisade Wall |
| 0:42 | Construir | Palisade Wall |
| 1:45 | Construir | Palisade Wall |
| 1:48 | Construir | Palisade Wall |
| 2:31 | Crear | Villager (Male) |
| 4:53 | Crear | Villager (Male) ×4 |
| 5:23 | Crear | Villager (Male) |
| 5:30 | Construir | Mill |
| 7:05 | Construir | Palisade Wall |
| 8:14 | Crear | Villager (Male) ×5 |
| 8:46 | Construir | House |
| 8:46 | Construir | House |
| 9:11 | Construir | Mining Camp |
| 10:06 | Construir | Lumber Camp |
| 11:09 | Crear | Villager (Male) |
| 11:09 | Crear | Villager (Male) |
| 12:38 | Investigar | Feudal Age |
| 14:15 | Construir | Mill |
| 14:48 | Edad | Edad Feudal |
| 15:11 | Investigar | Wheelbarrow |
| 15:14 | Investigar | Double-Bit Axe |
| 15:23 | Construir | House |
| 15:24 | Construir | House |
| 15:25 | Construir | House |
| 15:25 | Construir | House |
| 15:29 | Construir | Blacksmith |
| 16:15 | Investigar | Horse Collar |
| 16:24 | Crear | Villager (Male) |
| 16:41 | Construir | Market |
| 17:00 | Construir | Stone Wall |
| 17:01 | Construir | Stone Wall |
| 17:07 | Construir | Building 490 |
| 17:14 | Construir | Mining Camp |
| 17:27 | Construir | Building 665 |
| 17:44 | Crear | Villager (Male) |
| 17:44 | Crear | Villager (Male) |
| 17:45 | Crear | Villager (Male) |
| 17:53 | Investigar | Gold Mining |
| 19:39 | Crear | Villager (Male) |
| 19:40 | Crear | Villager (Male) |
| 19:40 | Crear | Villager (Male) |
| 20:15 | Construir | Farm |
| 20:22 | Construir | Farm |
| 20:24 | Construir | Farm |
| 20:26 | Construir | Farm |
| 20:27 | Construir | Farm |
| 20:29 | Construir | Farm |
| 20:30 | Construir | Farm |
| 20:32 | Construir | Farm |
| 20:33 | Construir | Farm |
| 20:49 | Construir | Mill |
| 20:59 | Crear | Villager (Male) |
| 21:00 | Crear | Villager (Male) |
| 21:15 | Construir | Barracks |
| 21:30 | Crear | Villager (Male) |
| 21:31 | Crear | Villager (Male) |
| 21:44 | Construir | Barracks |
| 21:45 | Construir | Barracks |
| 21:54 | Investigar | Stone Mining |
| 22:19 | Construir | Barracks |
| 22:31 | Crear | Villager (Male) |
| 22:36 | Investigar | Man-at-Arms (upgrade) |
| 23:10 | Crear | Villager (Male) |
| 23:10 | Crear | Villager (Male) |
| 23:21 | Construir | House |
| 23:25 | Construir | House |
| 23:33 | Construir | House |
| 23:34 | Construir | House |
| 23:35 | Construir | House |
| 23:36 | Construir | House |
| 23:41 | Crear | Villager (Male) |
| 23:48 | Investigar | Arson |
| 24:14 | Construir | Barracks |
| 25:08 | Investigar | Castle Age |
| 25:32 | Crear | Militia ×2 |
| 26:22 | Investigar | Forging |
| 26:30 | Construir | Farm |
| 26:31 | Construir | Farm |
| 26:33 | Construir | Farm |
| 27:09 | Crear | Militia ×5 |
| 27:31 | Construir | Farm |
| 27:42 | Construir | Farm |
| 27:44 | Construir | Farm |
| 27:48 | Edad | Edad de los Castillos |
| 28:14 | Construir | Siege Workshop |
| 28:14 | Construir | Siege Workshop |
| 28:22 | Investigar | Long Swordsman (upgrade) |
| 28:25 | Investigar | Gambesons |
| 28:36 | Crear | Militia ×5 |
| 28:39 | Investigar | Long Swordsman (upgrade) |
| 28:40 | Investigar | Gambesons |
| 28:42 | Investigar | Scale Mail Armor |
| 29:23 | Construir | Castle |
| 29:30 | Crear | Militia ×5 |
| 29:43 | Construir | House |
| 29:44 | Construir | House |
| 29:46 | Construir | House |
| 29:46 | Construir | House |
| 29:47 | Construir | House |
| 29:51 | Investigar | Town Watch |
| 30:06 | Investigar | Fletching |
| 30:19 | Construir | Barracks |
| 30:24 | Construir | Barracks |
| 30:29 | Crear | Villager (Male) |
| 30:29 | Crear | Villager (Male) |
| 30:43 | Crear | Villager (Male) |
| 32:40 | Construir | Town Center |
| 32:55 | Construir | Lumber Camp |
| 33:04 | Crear | Villager (Male) ×5 |
| 33:34 | Crear | Villager (Male) ×5 |
| 33:42 | Construir | Farm |
| 34:05 | Construir | Town Center |
| 34:12 | Crear | Battering Ram |
| 34:15 | Crear | Battering Ram |
| 34:56 | Crear | Villager (Male) ×5 |
| 35:11 | Construir | Farm |
| 35:17 | Construir | Farm |
| 35:42 | Construir | Farm |
| 35:45 | Construir | Farm |
| 35:54 | Crear | Villager (Male) ×5 |
| 36:07 | Construir | Farm |
| 36:09 | Construir | Farm |
| 36:22 | Construir | Farm |
| 36:28 | Construir | Farm |
| 36:31 | Investigar | Heavy Plow |
| 36:33 | Crear | Villager (Male) ×2 |
| 36:36 | Construir | Farm |
| 36:55 | Crear | Jaguar Warrior ×2 |
| 36:58 | Crear | Battering Ram |
| 37:02 | Crear | Militia |
| 37:10 | Crear | Battering Ram |
| 37:14 | Construir | Farm |
| 37:28 | Construir | Farm |
| 37:29 | Crear | Villager (Male) ×3 |
| 37:34 | Construir | Farm |
| 37:37 | Construir | Farm |
| 38:12 | Crear | Militia ×2 |
| 38:38 | Construir | Farm |
| 38:40 | Construir | Farm |
| 38:48 | Construir | Mining Camp |
| 38:51 | Investigar | Squires |
| 39:03 | Crear | Villager (Male) ×5 |
| 39:09 | Crear | Villager (Male) ×5 |
| 39:17 | Construir | Mining Camp |
| 39:22 | Investigar | Hand Cart |
| 41:52 | Crear | Jaguar Warrior ×5 |
Build order — LilCloneTrooper
Primeras 150 de 172 acciones detectadas
| 0:13 | Construir | House |
| 0:15 | Construir | House |
| 0:24 | Construir | House |
| 0:25 | Construir | House |
| 0:43 | Crear | Villager (Male) |
| 0:43 | Crear | Villager (Male) |
| 0:43 | Crear | Villager (Male) |
| 0:44 | Crear | Villager (Male) |
| 0:44 | Crear | Villager (Male) |
| 2:42 | Crear | Villager (Male) |
| 3:15 | Crear | Villager (Male) |
| 3:27 | Crear | Villager (Male) |
| 4:00 | Crear | Villager (Male) |
| 4:54 | Crear | Villager (Male) |
| 4:54 | Crear | Villager (Male) |
| 5:01 | Crear | Villager (Male) |
| 5:17 | Investigar | Loom |
| 5:30 | Crear | Villager (Male) |
| 6:05 | Construir | Mill |
| 6:11 | Crear | Villager (Male) |
| 6:11 | Crear | Villager (Male) |
| 6:11 | Crear | Villager (Male) |
| 8:10 | Construir | Palisade Wall |
| 8:20 | Construir | Palisade Wall |
| 8:32 | Construir | Palisade Wall |
| 8:38 | Construir | Palisade Wall |
| 8:46 | Crear | Villager (Male) |
| 10:47 | Crear | Villager (Male) |
| 11:30 | Construir | Lumber Camp |
| 11:36 | Construir | Farm |
| 11:36 | Construir | Farm |
| 11:36 | Construir | Farm |
| 11:37 | Construir | Farm |
| 11:37 | Construir | Farm |
| 11:37 | Construir | Farm |
| 11:37 | Construir | Farm |
| 11:37 | Construir | Farm |
| 11:37 | Construir | Farm |
| 11:37 | Construir | Farm |
| 11:37 | Construir | Farm |
| 11:42 | Construir | Farm |
| 11:42 | Construir | Farm |
| 11:42 | Construir | Farm |
| 11:42 | Construir | Farm |
| 11:42 | Construir | Farm |
| 11:42 | Construir | Farm |
| 11:42 | Construir | Farm |
| 11:42 | Construir | Farm |
| 11:43 | Construir | Farm |
| 11:43 | Construir | Farm |
| 11:43 | Construir | Farm |
| 11:43 | Construir | Farm |
| 11:43 | Construir | Farm |
| 11:43 | Construir | Farm |
| 11:43 | Construir | Farm |
| 11:43 | Construir | Farm |
| 11:43 | Construir | Farm |
| 11:43 | Construir | Farm |
| 11:43 | Construir | Farm |
| 11:43 | Construir | Farm |
| 11:43 | Construir | Farm |
| 11:43 | Construir | Farm |
| 11:43 | Construir | Farm |
| 11:43 | Construir | Farm |
| 11:43 | Construir | Farm |
| 11:43 | Construir | Farm |
| 11:43 | Construir | Farm |
| 11:43 | Construir | Farm |
| 11:43 | Construir | Farm |
| 11:43 | Construir | Farm |
| 11:43 | Construir | Farm |
| 11:44 | Construir | Farm |
| 11:44 | Construir | Farm |
| 11:44 | Construir | Farm |
| 11:44 | Construir | Farm |
| 11:44 | Construir | Farm |
| 11:44 | Construir | Farm |
| 11:44 | Construir | Farm |
| 11:44 | Construir | Farm |
| 11:44 | Construir | Farm |
| 11:44 | Construir | Farm |
| 11:44 | Construir | Farm |
| 11:44 | Construir | Farm |
| 11:44 | Construir | Farm |
| 11:44 | Construir | Farm |
| 11:44 | Construir | Farm |
| 11:44 | Construir | Farm |
| 11:44 | Construir | Farm |
| 11:44 | Construir | Farm |
| 11:44 | Construir | Farm |
| 11:44 | Construir | Farm |
| 11:44 | Construir | Farm |
| 11:44 | Construir | Farm |
| 11:44 | Construir | Farm |
| 11:44 | Construir | Farm |
| 11:44 | Construir | Farm |
| 11:44 | Construir | Farm |
| 11:44 | Construir | Farm |
| 11:55 | Investigar | Feudal Age |
| 11:57 | Crear | Villager (Male) |
| 11:57 | Crear | Villager (Male) |
| 11:58 | Crear | Villager (Male) |
| 11:58 | Crear | Villager (Male) |
| 11:59 | Crear | Villager (Male) |
| 13:42 | Crear | Villager (Male) |
| 13:43 | Crear | Villager (Male) |
| 13:43 | Crear | Villager (Male) |
| 14:18 | Construir | Farm |
| 14:18 | Construir | Farm |
| 14:18 | Construir | Farm |
| 14:18 | Construir | Farm |
| 14:18 | Construir | Farm |
| 14:18 | Construir | Farm |
| 14:18 | Construir | Farm |
| 14:18 | Construir | Farm |
| 14:18 | Construir | Farm |
| 14:18 | Construir | Farm |
| 14:18 | Construir | Farm |
| 14:18 | Construir | Farm |
| 14:18 | Construir | Farm |
| 14:18 | Construir | Farm |
| 14:25 | Crear | Villager (Male) |
| 14:43 | Construir | Farm |
| 14:43 | Construir | Farm |
| 14:43 | Construir | Farm |
| 14:43 | Construir | Farm |
| 14:43 | Construir | Farm |
| 14:43 | Construir | Farm |
| 14:43 | Construir | Farm |
| 14:43 | Construir | Farm |
| 14:43 | Construir | Farm |
| 14:43 | Construir | Farm |
| 14:43 | Construir | Farm |
| 14:43 | Construir | Farm |
| 14:43 | Construir | Farm |
| 14:43 | Construir | Farm |
| 14:44 | Construir | Farm |
| 14:44 | Construir | Farm |
| 14:44 | Construir | Farm |
| 14:44 | Construir | Farm |
| 14:44 | Construir | Farm |
| 14:44 | Construir | Farm |
| 14:44 | Construir | Farm |
| 14:44 | Construir | Farm |
| 14:44 | Construir | Farm |
| 14:44 | Construir | Farm |
| 14:44 | Construir | Farm |
| 14:44 | Construir | Farm |
| 14:44 | Construir | Farm |
| 14:44 | Construir | Farm |
Build order — Necromancer
Primeras 150 de 215 acciones detectadas
| 0:04 | Construir | House |
| 0:06 | Construir | House |
| 0:45 | Crear | Villager (Male) ×4 |
| 1:26 | Investigar | Loom |
| 2:06 | Crear | Villager (Male) |
| 2:11 | Construir | House |
| 2:23 | Construir | Mill |
| 3:38 | Crear | Villager (Male) |
| 3:38 | Crear | Villager (Male) |
| 3:38 | Crear | Villager (Male) |
| 3:42 | Crear | Villager (Male) |
| 5:28 | Crear | Villager (Male) |
| 5:30 | Crear | Villager (Male) |
| 6:17 | Crear | Villager (Male) |
| 6:50 | Crear | Villager (Male) |
| 6:51 | Crear | Villager (Male) |
| 7:56 | Crear | Villager (Male) |
| 8:12 | Construir | House |
| 8:14 | Construir | House |
| 8:27 | Investigar | Feudal Age |
| 9:15 | Construir | Mill |
| 10:37 | Edad | Edad Feudal |
| 11:18 | Construir | Lumber Camp |
| 11:24 | Crear | Villager (Male) |
| 11:25 | Crear | Villager (Male) |
| 11:29 | Crear | Villager (Male) ×5 |
| 11:53 | Construir | Dock |
| 12:06 | Construir | Mining Camp |
| 14:28 | Construir | Mining Camp |
| 14:32 | Crear | Villager (Male) |
| 14:33 | Crear | Villager (Male) |
| 14:44 | Construir | House |
| 14:46 | Construir | House |
| 14:50 | Construir | House |
| 15:04 | Construir | Farm |
| 15:28 | Construir | Farm |
| 15:41 | Construir | Market |
| 15:59 | Crear | Villager (Male) |
| 16:03 | Crear | Villager (Male) |
| 16:16 | Construir | Farm |
| 16:21 | Construir | Farm |
| 16:26 | Construir | Farm |
| 16:33 | Construir | Farm |
| 16:56 | Construir | Farm |
| 17:30 | Construir | Blacksmith |
| 17:46 | Investigar | Castle Age |
| 17:56 | Construir | Farm |
| 18:02 | Construir | Farm |
| 18:37 | Construir | Mill |
| 19:05 | Investigar | Double-Bit Axe |
| 19:09 | Investigar | Horse Collar |
| 20:05 | Investigar | Wheelbarrow |
| 20:26 | Edad | Edad de los Castillos |
| 20:29 | Construir | Town Center |
| 20:35 | Crear | Villager (Male) ×5 |
| 21:25 | Construir | Farm |
| 21:36 | Crear | Villager (Male) ×5 |
| 21:37 | Crear | Villager (Male) ×4 |
| 22:08 | Construir | Farm |
| 22:27 | Construir | Farm |
| 22:34 | Crear | Villager (Male) ×5 |
| 22:57 | Construir | Farm |
| 23:08 | Investigar | Bow Saw |
| 23:15 | Crear | Demolition Raft |
| 23:17 | Crear | Demolition Raft |
| 23:20 | Crear | Villager (Male) ×5 |
| 23:27 | Crear | Villager (Male) |
| 23:27 | Crear | Villager (Male) |
| 23:45 | Investigar | Stone Mining |
| 23:56 | Construir | Farm |
| 23:59 | Crear | Villager (Male) |
| 24:20 | Crear | Fishing Ship |
| 24:20 | Crear | Fishing Ship |
| 24:24 | Crear | Fishing Ship |
| 24:28 | Construir | Farm |
| 24:52 | Construir | Town Center |
| 25:05 | Construir | House |
| 25:18 | Construir | Farm |
| 25:23 | Construir | Farm |
| 25:30 | Construir | House |
| 25:31 | Construir | House |
| 25:32 | Construir | House |
| 26:02 | Construir | Farm |
| 26:06 | Construir | Monastery |
| 26:11 | Construir | Farm |
| 27:06 | Crear | Monk |
| 27:09 | Construir | Farm |
| 27:18 | Crear | Monk |
| 27:30 | Crear | Villager (Male) ×5 |
| 27:33 | Crear | Villager (Male) |
| 27:33 | Crear | Villager (Male) |
| 27:46 | Crear | Villager (Male) ×5 |
| 27:52 | Crear | Villager (Male) ×5 |
| 28:31 | Construir | Farm |
| 28:52 | Crear | Villager (Male) |
| 28:52 | Crear | Villager (Male) |
| 29:13 | Construir | Farm |
| 29:17 | Construir | Farm |
| 29:27 | Construir | Farm |
| 29:35 | Construir | Farm |
| 29:49 | Investigar | Gold Mining |
| 29:49 | Investigar | Stone Shaft Mining |
| 29:52 | Investigar | Heavy Plow |
| 29:57 | Construir | House |
| 29:59 | Construir | House |
| 30:00 | Construir | House |
| 30:02 | Construir | House |
| 30:03 | Construir | House |
| 30:04 | Construir | House |
| 30:06 | Construir | House |
| 30:06 | Construir | House |
| 30:08 | Construir | House |
| 30:09 | Construir | House |
| 30:11 | Construir | House |
| 30:12 | Construir | House |
| 30:14 | Construir | House |
| 30:16 | Construir | House |
| 30:17 | Construir | House |
| 30:19 | Construir | House |
| 30:20 | Construir | House |
| 30:21 | Construir | House |
| 30:23 | Construir | House |
| 30:24 | Construir | House |
| 30:25 | Construir | House |
| 30:28 | Construir | Lumber Camp |
| 30:40 | Construir | Farm |
| 30:44 | Investigar | Wheelbarrow |
| 30:56 | Crear | Villager (Male) ×5 |
| 31:11 | Construir | Mining Camp |
| 31:20 | Crear | Villager (Male) ×5 |
| 31:30 | Investigar | Gold Shaft Mining |
| 31:36 | Construir | Farm |
| 31:38 | Construir | Farm |
| 31:39 | Construir | Farm |
| 31:40 | Construir | Farm |
| 31:45 | Construir | Farm |
| 32:06 | Construir | Castle |
| 32:14 | Crear | Villager (Male) ×5 |
| 32:16 | Crear | Villager (Male) |
| 32:16 | Crear | Villager (Male) |
| 32:17 | Crear | Villager (Male) ×5 |
| 32:35 | Investigar | Tech 906 |
| 32:38 | Investigar | Imperial Age |
| 32:45 | Investigar | Imperial Age |
| 32:48 | Investigar | Hand Cart |
| 32:51 | Construir | Farm |
| 32:55 | Investigar | Town Watch |
| 33:02 | Investigar | Forging |
| 33:02 | Investigar | Scale Mail Armor |
| 33:02 | Investigar | Scale Barding Armor |
Build order — Leopold Fitz
25 acciones detectadas en el replay
| 0:02 | Crear | Villager (Male) |
| 0:03 | Crear | Villager (Male) |
| 0:03 | Crear | Villager (Male) |
| 0:03 | Crear | Villager (Male) |
| 0:04 | Construir | House |
| 0:06 | Construir | House |
| 1:29 | Crear | Villager (Male) |
| 2:12 | Crear | Villager (Male) |
| 2:14 | Crear | Villager (Male) |
| 2:14 | Crear | Villager (Male) |
| 2:52 | Crear | Villager (Male) |
| 2:53 | Crear | Villager (Male) |
| 2:53 | Crear | Villager (Male) |
| 3:43 | Crear | Villager (Male) |
| 4:12 | Crear | Villager (Male) |
| 4:13 | Crear | Villager (Male) |
| 4:13 | Crear | Villager (Male) |
| 4:31 | Crear | Villager (Male) |
| 4:31 | Crear | Villager (Male) |
| 5:09 | Crear | Villager (Male) |
| 5:10 | Crear | Villager (Male) |
| 5:10 | Crear | Villager (Male) |
| 5:10 | Crear | Villager (Male) |
| 5:14 | Construir | House |
| 5:16 | Construir | House |
Build order — 3411643165
Primeras 150 de 261 acciones detectadas
| 0:05 | Construir | House |
| 0:07 | Construir | House |
| 0:09 | Construir | House |
| 0:10 | Crear | Villager (Male) |
| 0:11 | Crear | Villager (Male) |
| 0:11 | Crear | Villager (Male) |
| 0:11 | Crear | Villager (Male) |
| 0:11 | Crear | Villager (Male) |
| 0:12 | Investigar | Loom |
| 0:30 | Construir | Palisade Wall |
| 2:53 | Crear | Villager (Male) |
| 3:35 | Crear | Villager (Male) |
| 3:35 | Crear | Villager (Male) |
| 3:35 | Crear | Villager (Male) |
| 4:09 | Crear | Villager (Male) |
| 4:10 | Crear | Villager (Male) |
| 4:31 | Crear | Villager (Male) |
| 4:32 | Crear | Villager (Male) |
| 4:50 | Crear | Villager (Male) |
| 5:04 | Crear | Villager (Male) |
| 5:04 | Crear | Villager (Male) |
| 5:36 | Crear | Villager (Male) |
| 5:36 | Crear | Villager (Male) |
| 6:09 | Crear | Villager (Male) |
| 6:09 | Crear | Villager (Male) |
| 6:09 | Crear | Villager (Male) |
| 6:09 | Crear | Villager (Male) |
| 6:27 | Construir | Mill |
| 6:52 | Crear | Villager (Male) |
| 7:26 | Construir | Lumber Camp |
| 7:35 | Construir | Farm |
| 8:06 | Construir | Farm |
| 8:26 | Construir | Farm |
| 9:00 | Construir | House |
| 9:03 | Construir | House |
| 9:06 | Construir | House |
| 9:23 | Construir | House |
| 9:57 | Investigar | Feudal Age |
| 11:06 | Construir | Mining Camp |
| 12:07 | Edad | Edad Feudal |
| 12:10 | Investigar | Double-Bit Axe |
| 12:10 | Investigar | Double-Bit Axe |
| 12:13 | Investigar | Horse Collar |
| 12:13 | Investigar | Horse Collar |
| 12:30 | Crear | Villager (Male) |
| 12:30 | Crear | Villager (Male) |
| 12:34 | Investigar | Wheelbarrow |
| 12:34 | Crear | Villager (Male) |
| 12:35 | Crear | Villager (Male) |
| 12:35 | Crear | Villager (Male) |
| 12:35 | Crear | Villager (Male) |
| 12:42 | Crear | Villager (Male) |
| 12:42 | Crear | Villager (Male) |
| 12:42 | Crear | Villager (Male) |
| 12:43 | Crear | Villager (Male) |
| 12:43 | Crear | Villager (Male) |
| 12:43 | Crear | Villager (Male) |
| 12:57 | Construir | Farm |
| 12:59 | Construir | Farm |
| 13:01 | Construir | Farm |
| 13:08 | Crear | Villager (Male) |
| 13:08 | Crear | Villager (Male) |
| 14:09 | Construir | Mill |
| 15:43 | Construir | Farm |
| 15:45 | Construir | Farm |
| 15:58 | Crear | Villager (Male) |
| 15:58 | Crear | Villager (Male) |
| 16:42 | Construir | Market |
| 16:55 | Construir | Barracks |
| 17:09 | Construir | Blacksmith |
| 17:55 | Investigar | Wheelbarrow |
| 18:00 | Crear | Villager (Male) |
| 18:00 | Crear | Villager (Male) |
| 18:19 | Construir | Archery Range |
| 18:33 | Construir | Farm |
| 19:03 | Investigar | Castle Age |
| 19:23 | Construir | Mining Camp |
| 19:46 | Construir | Lumber Camp |
| 20:11 | Investigar | Forging |
| 20:11 | Investigar | Scale Mail Armor |
| 20:22 | Investigar | Gold Mining |
| 20:30 | Investigar | Stone Mining |
| 20:57 | Crear | Spearman |
| 20:57 | Crear | Spearman |
| 20:57 | Crear | Spearman |
| 20:57 | Crear | Spearman |
| 20:58 | Crear | Spearman |
| 20:58 | Crear | Spearman |
| 20:58 | Crear | Spearman |
| 20:58 | Crear | Spearman |
| 20:59 | Crear | Spearman |
| 20:59 | Crear | Spearman |
| 20:59 | Crear | Spearman |
| 20:59 | Crear | Spearman |
| 21:13 | Investigar | Arson |
| 21:14 | Investigar | Arson |
| 21:50 | Edad | Edad de los Castillos |
| 22:28 | Investigar | Chain Mail Armor |
| 22:32 | Investigar | Iron Casting |
| 22:32 | Investigar | Iron Casting |
| 22:50 | Investigar | Bow Saw |
| 22:50 | Investigar | Bow Saw |
| 23:00 | Investigar | Heavy Plow |
| 23:00 | Investigar | Heavy Plow |
| 23:14 | Construir | Monastery |
| 23:21 | Construir | University |
| 23:45 | Crear | Villager (Male) |
| 23:46 | Crear | Villager (Male) |
| 23:46 | Crear | Villager (Male) |
| 24:11 | Construir | Siege Workshop |
| 24:26 | Construir | Farm |
| 24:28 | Construir | Farm |
| 24:58 | Construir | Castle |
| 25:11 | Investigar | Iron Casting |
| 25:15 | Crear | Monk |
| 26:01 | Crear | Villager (Male) |
| 26:01 | Crear | Villager (Male) |
| 26:01 | Crear | Villager (Male) |
| 26:02 | Crear | Villager (Male) |
| 26:02 | Crear | Villager (Male) |
| 26:45 | Investigar | Chain Mail Armor |
| 28:11 | Investigar | Masonry |
| 29:06 | Crear | Spearman |
| 29:07 | Crear | Spearman |
| 29:29 | Crear | Battering Ram |
| 29:29 | Crear | Battering Ram |
| 30:14 | Crear | Monk |
| 30:31 | Crear | Teutonic Knight |
| 30:32 | Crear | Teutonic Knight |
| 30:32 | Crear | Teutonic Knight |
| 30:32 | Crear | Teutonic Knight |
| 30:32 | Crear | Teutonic Knight |
| 31:03 | Construir | Mining Camp |
| 31:08 | Crear | Villager (Male) |
| 31:08 | Crear | Villager (Male) |
| 31:08 | Crear | Villager (Male) |
| 31:08 | Crear | Villager (Male) |
| 31:08 | Crear | Villager (Male) |
| 31:25 | Crear | Teutonic Knight |
| 31:25 | Crear | Teutonic Knight |
| 31:25 | Crear | Teutonic Knight |
| 31:25 | Crear | Teutonic Knight |
| 31:25 | Crear | Teutonic Knight |
| 32:10 | Crear | Villager (Male) |
| 32:10 | Crear | Villager (Male) |
| 32:11 | Crear | Villager (Male) |
| 32:11 | Crear | Villager (Male) |
| 32:34 | Crear | Monk |
| 32:53 | Construir | Farm |
| 32:55 | Construir | Farm |
Build order — xxbysnipxx
Primeras 150 de 305 acciones detectadas
| 0:01 | Investigar | Loom |
| 0:02 | Investigar | Loom |
| 0:05 | Construir | House |
| 0:06 | Construir | House |
| 0:53 | Crear | Villager (Male) |
| 0:53 | Crear | Villager (Male) |
| 0:53 | Crear | Villager (Male) |
| 0:54 | Crear | Villager (Male) |
| 0:54 | Crear | Villager (Male) |
| 0:54 | Crear | Villager (Male) |
| 2:09 | Crear | Villager (Male) |
| 2:09 | Crear | Villager (Male) |
| 2:10 | Crear | Villager (Male) |
| 2:33 | Crear | Villager (Male) |
| 2:33 | Crear | Villager (Male) |
| 2:33 | Crear | Villager (Male) |
| 2:33 | Crear | Villager (Male) |
| 3:19 | Crear | Villager (Male) |
| 3:19 | Crear | Villager (Male) |
| 3:20 | Crear | Villager (Male) |
| 3:54 | Crear | Villager (Male) |
| 3:54 | Crear | Villager (Male) |
| 3:55 | Crear | Villager (Male) |
| 5:38 | Crear | Villager (Male) |
| 5:38 | Crear | Villager (Male) |
| 5:39 | Crear | Villager (Male) |
| 5:39 | Crear | Villager (Male) |
| 5:39 | Crear | Villager (Male) |
| 5:40 | Crear | Villager (Male) |
| 5:40 | Crear | Villager (Male) |
| 5:44 | Construir | House |
| 5:47 | Construir | House |
| 6:41 | Crear | Villager (Male) |
| 6:41 | Crear | Villager (Male) |
| 6:41 | Crear | Villager (Male) |
| 6:42 | Crear | Villager (Male) |
| 7:12 | Construir | Mill |
| 8:34 | Construir | Lumber Camp |
| 9:06 | Crear | Villager (Male) |
| 9:21 | Construir | Farm |
| 9:23 | Construir | Farm |
| 9:36 | Investigar | Feudal Age |
| 10:07 | Construir | Mining Camp |
| 11:34 | Crear | Villager (Male) |
| 11:35 | Crear | Villager (Male) |
| 11:35 | Crear | Villager (Male) |
| 11:35 | Crear | Villager (Male) |
| 11:35 | Crear | Villager (Male) |
| 11:46 | Edad | Edad Feudal |
| 11:54 | Construir | Blacksmith |
| 12:19 | Construir | Market |
| 12:40 | Construir | House |
| 12:41 | Construir | House |
| 13:08 | Construir | Farm |
| 14:10 | Investigar | Castle Age |
| 14:54 | Construir | Farm |
| 14:56 | Construir | Farm |
| 14:58 | Construir | Farm |
| 16:50 | Edad | Edad de los Castillos |
| 16:54 | Construir | Town Center |
| 17:08 | Crear | Villager (Male) |
| 17:08 | Crear | Villager (Male) |
| 17:08 | Crear | Villager (Male) |
| 17:09 | Crear | Villager (Male) |
| 17:09 | Crear | Villager (Male) |
| 17:09 | Crear | Villager (Male) |
| 17:09 | Crear | Villager (Male) |
| 17:44 | Construir | Farm |
| 18:26 | Crear | Villager (Male) |
| 18:26 | Crear | Villager (Male) |
| 18:27 | Crear | Villager (Male) |
| 18:27 | Crear | Villager (Male) |
| 18:27 | Crear | Villager (Male) |
| 18:27 | Crear | Villager (Male) |
| 18:34 | Construir | Siege Workshop |
| 18:36 | Crear | Villager (Male) |
| 18:36 | Crear | Villager (Male) |
| 19:11 | Construir | Farm |
| 20:04 | Construir | Monastery |
| 20:08 | Crear | Villager (Male) |
| 20:09 | Crear | Villager (Male) |
| 20:09 | Crear | Villager (Male) |
| 20:09 | Crear | Villager (Male) |
| 20:09 | Crear | Villager (Male) |
| 20:10 | Crear | Villager (Male) |
| 20:10 | Crear | Villager (Male) |
| 20:23 | Construir | House |
| 20:24 | Construir | House |
| 20:27 | Construir | House |
| 20:28 | Construir | House |
| 20:45 | Crear | Villager (Male) |
| 20:45 | Crear | Villager (Male) |
| 20:45 | Crear | Villager (Male) |
| 20:56 | Crear | Monk |
| 21:10 | Crear | Mangonel |
| 21:38 | Crear | Villager (Male) |
| 21:41 | Investigar | Wheelbarrow |
| 21:46 | Investigar | Horse Collar |
| 21:50 | Construir | Farm |
| 21:58 | Investigar | Double-Bit Axe |
| 22:23 | Crear | Monk |
| 22:54 | Crear | Mangonel |
| 23:07 | Construir | Farm |
| 23:09 | Construir | Farm |
| 23:15 | Construir | Farm |
| 23:23 | Crear | Monk |
| 23:38 | Investigar | Hand Cart |
| 23:52 | Crear | Villager (Male) |
| 23:52 | Crear | Villager (Male) |
| 24:06 | Crear | Villager (Male) |
| 24:07 | Crear | Villager (Male) |
| 24:07 | Crear | Villager (Male) |
| 24:07 | Crear | Villager (Male) |
| 24:16 | Construir | Mining Camp |
| 24:21 | Crear | Villager (Male) |
| 24:21 | Crear | Villager (Male) |
| 24:21 | Crear | Villager (Male) |
| 24:45 | Crear | Villager (Male) |
| 24:45 | Crear | Villager (Male) |
| 24:45 | Crear | Villager (Male) |
| 24:46 | Crear | Villager (Male) |
| 24:46 | Crear | Villager (Male) |
| 25:22 | Crear | Monk |
| 25:36 | Crear | Villager (Male) |
| 25:36 | Crear | Villager (Male) |
| 25:37 | Crear | Villager (Male) |
| 25:37 | Crear | Villager (Male) |
| 25:37 | Crear | Villager (Male) |
| 25:37 | Crear | Villager (Male) |
| 25:49 | Construir | Farm |
| 25:50 | Construir | Farm |
| 25:51 | Construir | Farm |
| 26:08 | Construir | House |
| 26:09 | Construir | House |
| 26:13 | Construir | House |
| 26:14 | Construir | House |
| 27:19 | Construir | Mining Camp |
| 27:36 | Crear | Mangonel |
| 27:36 | Crear | Mangonel |
| 27:37 | Crear | Mangonel |
| 27:37 | Crear | Mangonel |
| 27:37 | Crear | Mangonel |
| 27:37 | Crear | Mangonel |
| 28:20 | Crear | Villager (Male) |
| 28:20 | Crear | Villager (Male) |
| 28:21 | Crear | Villager (Male) |
| 28:21 | Crear | Villager (Male) |
| 28:21 | Crear | Villager (Male) |
| 28:32 | Crear | Villager (Male) |
| 28:32 | Crear | Villager (Male) |
Cronología de la partida
| 0:26 | Axalon the Everchosen · wall_segment Palisade Wall x11 |
| 0:30 | 3411643165 · wall_segment Palisade Wall x16 |
| 0:40 | Dinosaur · wall_segment Palisade Wall x9 |
| 0:42 | Dinosaur · wall_segment Palisade Wall x11 |
| 1:39 | Axalon the Everchosen · wall_segment Palisade Wall x13 |
| 1:45 | Axalon the Everchosen · wall_segment Palisade Wall x1 |
| 1:45 | Dinosaur · wall_segment Palisade Wall x9 |
| 1:48 | Dinosaur · wall_segment Palisade Wall x11 |
| 4:09 | Axalon the Everchosen · wall_segment Palisade Wall x1 |
| 5:13 | 32066588 · wall_segment Palisade Wall x7 |
| 5:17 | 32066588 · wall_segment Palisade Wall x6 |
| 5:21 | 32066588 · wall_segment Palisade Wall x5 |
| 5:25 | Axalon the Everchosen · wall_segment Palisade Wall x7 |
| 5:25 | 32066588 · wall_segment Palisade Wall x5 |
| 6:09 | Leopold Fitz · resign |
| 7:05 | Dinosaur · wall_segment Palisade Wall x12 |
| 8:10 | LilCloneTrooper · wall_segment Palisade Wall x8 |
| 8:20 | LilCloneTrooper · wall_segment Palisade Wall x7 |
| 8:32 | LilCloneTrooper · wall_segment Palisade Wall x6 |
| 8:38 | LilCloneTrooper · wall_segment Palisade Wall x4 |
| 10:37 | Necromancer · age_up feudal |
| 11:46 | xxbysnipxx · age_up feudal |
| 11:53 | Necromancer · first_building Dock |
| 12:07 | 3411643165 · age_up feudal |
| 13:55 | xxbysnipxx · first_market_buy 100 food |
| 14:08 | xxbysnipxx · first_market_sell 100 stone |
| 14:47 | LilCloneTrooper · wall_segment Palisade Wall x12 |
| 14:48 | Dinosaur · age_up feudal |
| 15:05 | LilCloneTrooper · wall_segment Stone Wall x10 |
| 16:50 | xxbysnipxx · age_up castle |
| 16:55 | 3411643165 · first_building Barracks |
| 17:00 | Dinosaur · wall_segment Stone Wall x9 |
| 17:01 | Dinosaur · wall_segment Stone Wall x17 |
| 17:23 | Axalon the Everchosen · age_up feudal |
| 18:19 | 3411643165 · first_building Archery Range |
| 18:34 | xxbysnipxx · first_building Siege Workshop |
| 20:04 | xxbysnipxx · first_building Monastery |
| 20:26 | Necromancer · age_up castle |
| 21:15 | Dinosaur · first_building Barracks |
| 21:27 | 32066588 · age_up feudal |
| 21:50 | 3411643165 · age_up castle |
| 23:14 | 3411643165 · first_building Monastery |
| 24:11 | 3411643165 · first_building Siege Workshop |
| 24:47 | Axalon the Everchosen · age_up castle |
| 24:58 | 3411643165 · first_building Castle |
| 26:06 | Necromancer · first_building Monastery |
| 27:48 | Dinosaur · age_up castle |
| 28:00 | Axalon the Everchosen · first_building Siege Workshop |
| 28:01 | Axalon the Everchosen · first_building Barracks |
| 28:14 | Dinosaur · first_building Siege Workshop |
| 29:23 | Dinosaur · first_building Castle |
| 31:16 | xxbysnipxx · first_building Barracks |
| 31:37 | Dinosaur · first_market_buy 500 wood |
| 31:50 | xxbysnipxx · first_building Castle |
| 32:06 | Necromancer · first_building Castle |
| 32:41 | xxbysnipxx · first_building Archery Range |
| 33:16 | xxbysnipxx · age_up imperial |
| 35:52 | 3411643165 · wall_segment Stone Wall x26 |
| 36:11 | Necromancer · age_up imperial |
| 37:15 | 3411643165 · wall_segment Stone Wall x14 |
| 38:59 | Axalon the Everchosen · first_building Castle |
| 44:25 | 3411643165 · first_market_buy 100 food |
| 44:32 | 3411643165 · first_market_sell 100 stone |
| 45:54 | Axalon the Everchosen · age_up imperial |
[ ANÁLISIS IA · 1 CRÉDITO ]
¿Qué pasó realmente en esta partida?
Wolo.gg analiza cada decisión: build order, eco, micro, errores típicos por bracket. Análisis personalizado por WhatsApp o Discord en 30 segundos.
Guía civ
Kitán
Guía mapa
Black Forest
Perfil
Axalon the Everchosen